 Dungeon Crawl Stone Soup version 0.29-a0-541-gaf1fc19f1b (webtiles) character file.

Game seed: 14606891103565831649

70 grumblor the Skirmisher (level 4, -7/24 HPs)
             Began as a Vine Stalker Fighter on June 3, 2022.
             Was an Initiate of Ru.
             Killed by divine providence
             ... invoked by an orc priest
              (12 damage)
             ... on level 3 of the Dungeon.
             The game lasted 00:01:59 (1996 turns).

grumblor the Skirmisher (Vine Stalker Fighter)      Turns: 1996, Time: 00:02:00

Health: -7/24      AC:  7    Str: 21    XL:     4   Next: 21%
Magic:  0/5        EV:  9    Int:  8    God:    Ru [......]
Gold:   97         SH:  0    Dex: 13    Spells: 3/3 levels left

rFire   . . .      SeeInvis .   a - +1 war axe
rCold   . . .      Faith    .   c - +0 buckler
rNeg    . . .      Spirit   +   b - +0 scale mail
rPois   .          Reflect  .   (no helmet)
rElec   .          Harm     .   (no cloak)
rCorr   .          Rampage  .   f - +0 pair of gloves
Will    .....                   (no boots)
Stlth   ..........              (no amulet)
HPRegen 0.88/turn               (no ring)
MPRegen 0.09/turn               (no ring)

@: confused
A: fangs 2, regeneration 1, magic shield, antimagic bite, no potion heal 2
a: Renounce Religion


You were on level 3 of the Dungeon.
You worshipped Ru.
Ru was noncommittal.
You visited 1 branch of the dungeon, and saw 3 of its levels.

You collected 97 gold pieces.

Inventory:

Hand Weapons
 a - a +1 war axe (weapon)
Missiles
 e - 4 poisoned darts (quivered)
Armour
 b - a +0 scale mail (worn)
 c - a +0 buckler (worn)
 f - a +0 pair of gloves (worn)
Potions
 d - 3 potions of might
 g - a potion of resistance
 k - a potion of cancellation


   Skills:
 * Level 3.2 Fighting
 + Level 2.4 Axes
 * Level 0.6 Throwing
 + Level 2.6 Armour
 * Level 1.0 Dodging
 + Level 2.9 Shields


You had 3 spell levels left.
You didn't know any spells.
Your spell library was empty.

Dungeon Overview and Level Annotations

Branches:
Dungeon (3/15)

Altars:
Ru


Innate Abilities, Weirdness & Mutations

You have extremely sharp teeth.
Your natural rate of healing is unusually fast.
When hurt, damage is shared between your health and your magic reserves.
Your bite disrupts and absorbs the magic of your enemies.
Potions cannot restore your health.


Message History

A giant cockroach comes into view.
There are monsters nearby!
You barely miss the orc. You bite the orc.
You kill the orc!
The orc priest mumbles some strange prayers to Beogh against you.
Pain shoots through your body! The orc barely misses you.
Things that are here:
a +0 mace; an orc corpse You hit the orc.
The orc is heavily wounded.
You hit the orc but do no damage. The orc hits you with a +0 war axe.
Unknown command.
You barely miss the orc wizard. Your bite misses the orc wizard.
You hit the orc.
You kill the orc!
The giant cockroach bites you. The orc wizard casts a spell at you.
You are confused.
The orc priest hits you with a +0 club.
You hit the orc wizard but do no damage.
Your bite misses the orc wizard. You closely miss the giant cockroach.
You hit the orc priest. The giant cockroach barely misses you.
The orc wizard gestures at you while chanting.
The magic dart hits you!
* * * LOW HITPOINT WARNING * * *
The orc priest hits you with a +0 club.
* * * LOW HITPOINT WARNING * * *
The giant cockroach barely misses you.
You bump into the rock wall.
The orc wizard barely misses you. The orc priest closely misses you.
The giant cockroach bites you.
* * * LOW HITPOINT WARNING * * *
Unknown command.
You bump into the rock wall.
The giant cockroach bites you but does no damage.
The orc wizard completely misses you.
The orc priest mumbles some strange prayers to Beogh against you.
Beogh smites you!
Ouch! That really hurt!
You die...

##...# #.. .....# #..#
.....# #..# .....# ...
#..# .....# .# .. #..#
.....## ###.# #.
#..###B...... ..#.#
#.##....@oo..$..
###.#.#
#..#...##o......
.<#.#.#.##.#...#
.......
.##.#.#........#
.......
....#.#####.#..#
.......
...#...........#
.......
##.##.........##
.......
#.##.........###.......
#.##........>...


You could see an orc priest, an orc wizard, an orc and a giant cockroach.

Vanquished Creatures
  An adder (D:2)
  3 dart slugs
  2 orcs (D:3)
  5 bats
  3 endoplasms
  2 giant cockroaches (D:1)
  5 goblins (D:1)
  2 hobgoblins (D:1)
  4 jackals (D:1)
  4 quokkas
  4 ball pythons
  4 frilled lizards (D:1)
  A kobold (D:2)
  9 rats
49 creatures vanquished.

Vanquished Creatures (others)
  A fungus (D:1)
  A plant (D:1)
2 creatures vanquished.

Grand Total: 51 creatures vanquished

Notes
Turn   | Place    | Note
-------+----------+-------------------------------------------
     0 | D:1      | grumblor the Vine Stalker Fighter began the quest for the
                  | Orb.
     0 | D:1      | Reached XP level 1. HP: 11/11 MP: 2/2
    93 | D:1      | Reached XP level 2. HP: 12/16 MP: 3/3
   182 | D:1      | Reached skill level 3 in Fighting
   542 | D:1      | Reached XP level 3. HP: 20/20 MP: 4/4
  1145 | D:1      | Found a faded altar of an unknown god.
  1490 | D:2      | Reached skill level 1 in Dodging
  1551 | D:2      | Found a sacrificial altar of Ru.
  1587 | D:2      | Gained mutation: Your natural rate of healing is unusually
                  | fast. [Vine Stalker growth]
  1587 | D:2      | Reached XP level 4. HP: 23/24 MP: 5/5
  1606 | D:2      | Became a worshipper of Ru the Awakened
  1996 | D:3      | Killed from afar by an orc priest

Illustrated notes

Levels and vault maps discovered:
D:1:      ebering_hopf_link, layout_loops_corners,
          dreamdust_ecumenical_altar_hidden_monk_grotto
D:2:      layout_basic, basic_altar
D:3:      layout_basic, columned_hall_lemuel

Skill      XL: |  1  2  3 |
---------------+----------+-----
Fighting       | 3 |  3.2
Axes           | 2 |  2.4
Dodging        | 1 |  1.0
Throwing       | |  0.6
Armour         | |  2.6
Shields        | |  2.9

Action                   |  1- 3 |  4- 6 || total
-------------------------+-------+-------++-------
Melee: War axe           |    77 |    16 ||    93
       Bite              |    16 |     3 ||    19
  Use: Scroll            |     3 |     6 ||     9
Armor: Scale mail        |    37 |     6 ||    43
Dodge: Dodged            |    40 |    18 ||    58
Block: Buckler           |    10 |     5 ||    15

Table legend: (Time is in decaauts)
 A = Elapsed time spent in this place.
 B = Non-inter-level travel time spent in this place.
 C = Inter-level travel time spent in this place.
 D = Time resting spent in this place.
 E = Time spent auto-exploring this place.
 F = Levels seen in this place.
 G = Mean time per level.
                   A        B        C        D        E       F      G
               +--------+--------+--------+--------+--------+-----+--------+
         Total |   2036 |   1957 |     79 |      0 |   1628 |   3 |  678.7 |
       Dungeon |   2036 |   1957 |     79 |      0 |   1628 |   3 |  678.7 |
               +--------+--------+--------+--------+--------+-----+--------+

Top non-repeatable levels by time:
     D:1: 1384 daAuts
     D:2: 606 daAuts
     D:3: 45 daAuts
